 Dungeon Crawl Stone Soup version 0.32-a0-656-g3542139ebd (webtiles) character file.

Game seed: 13410513850810469816

61 Goblin1989 the Changeling (level 3, 0/26 HPs)
             Began as a Demonspawn Shapeshifter on Mar 8, 2024.
             Was an Initiate of Gozag.
             Succumbed to an adder's poison
             ... on level 2 of the Dungeon.
             The game lasted 00:03:48 (1520 turns).

Goblin1989 the Changeling (Demonspawn Shapeshifter) Turns: 1520, Time: 00:03:49

Health: 0/26       AC:  2    Str: 16    XL:     3   Next: 83%
Magic:  3/3        EV: 11    Int: 10    God:    Gozag
Gold:   88         SH:  3    Dex: 12    Spells: 2/2 levels left

rFire   . .          .
                       - Unarmed
rCold   . . .        l - +0 buckler
rNeg    . . .        a - +0 animal skin
rPois   .            (helmet currently unavailable)
rElec   .            (cloak currently unavailable)
rCorr   .            (gloves currently unavailable)
SInv    .            (boots currently unavailable)
Will    .....        (no amulet)
Stlth   +            (no ring)
HPRegen 0.24/turn    (no ring)
MPRegen 0.08/turn

%: no passive effects
@: mighty, lethally poisoned (0 -> -7), beast-form, gold aura
A: beast (slay +2), demonic touch 2
a: Begin Untransformation, Renounce Religion, Potion Petition, Call Merchant,
Bribe Branch


You were on level 2 of the Dungeon.
You worshipped Gozag.
Gozag was noncommittal.
You were a hulking beast.
You visited 1 branch of the dungeon, and saw 2 of its levels.

You collected 103 gold pieces.
You paid 15 gold pieces to Gozag.

Inventory:

Hand Weapons
 i - a +0 dagger of flaming
 s - the +0 dagger of the Hills {venom, Int+6}
   (You found it on level 2 of the Dungeon)

   Int+6:     It affects your intelligence (+6).
Missiles
 e - 9 poisoned darts (quivered)
 h - a throwing net {!d , @Q1}
 n - 14 stones
Armour
 a - a +0 animal skin (worn)
 l - a +0 buckler (worn)
Talismans
 c - a beast talisman (active)
 d - a flux talisman
Scrolls
 f - a scroll of poison {unknown}
 g - a scroll of immolation {unknown}
 j - a scroll of teleportation {unknown}
 k - a scroll of enchant weapon {unknown}
 m - 2 scrolls of blinking {unknown}
 o - a scroll of fear {unknown}
 p - a scroll of identify {unknown}
 q - a scroll of amnesia {unknown}


   Skills:
 - Level 1.0 Fighting
 + Level 0.6 Throwing
 - Level 1.7 Dodging
 + Level 3.2 Unarmed Combat
 * Level 3.6 Shapeshifting


You had 2 spell levels left.
You didn't know any spells.
Your spell library contained the following spells:

 Spells                   Type           Power      Damage    Failure   Level
 Slow                     Hex            0%         N/A       45%         1
 Confusing Touch          Hex            0%         N/A       83%         3
 Sigil of Binding         Hex            0%         N/A       83%         3
 Vampiric Draining        Necr           0%         2d6       83%         3


Dungeon Overview and Level Annotations

Branches:
Dungeon (2/15) Zot: 10484

Altars:
Gozag


Innate Abilities, Weirdness & Mutations

You are a hulking beast.
Your limbs bulge with bestial killing power. (Slay +2)
Your touch may inflict irresistible damage on your foes.


Message History

No target in view!
No target in view!
No target in view!
No target in view!
No target in view!
You now have 83 gold pieces (gained 5).
n - 14 stones (gained 4)
There is a stone staircase leading down here.
A bat comes into view.
A bat is nearby!
A bat is nearby!
You barely miss the bat. The bat closely misses you.
You closely miss the bat. The bat barely misses you.
The bat closely misses you. The bat hits you but does no damage.
You hit the bat.
You kill the bat!
No target in view!
No target in view!
No target in view!
No target in view!
No target in view!
No target in view!
No target in view!
No target in view!
No target in view!
No target in view!
No target in view!
No target in view!
No target in view!
No target in view!
No target in view!
No target in view!
No target in view!
No target in view!
No target in view!
The adder hisses angrily.
You now have 88 gold pieces (gained 5).
The adder bites you.
You are poisoned.
The adder poisons you!
You take 1 damage, and have 25/26 hp.
You feel sick.
You feel sick.
You take 1 damage, and have 24/26 hp.
You hit the adder.
The adder is moderately wounded.
You feel sick. The adder barely misses you.
You take 1 damage, and have 23/26 hp.
You hit the adder.
The adder is heavily wounded.
You feel sick.
You are no longer poisoned.
The adder bites you.
The adder is distracted by your dazzling golden aura.
You take 4 damage, and have 19/26 hp.
You barely miss the adder.
The adder is no longer distracted by gold.
The adder is heavily wounded.
The adder closely misses you.
You miss the adder.
The adder is heavily wounded.
The adder bites you.
You are poisoned.
The adder poisons you! The adder bites you.
You take 7 damage, and have 13/26 hp.
MASSIVE DAMAGE!!
You hit the adder.
The adder is almost dead.
You feel sick. You block the adder's attack.
You take 2 damage, and have 11/26 hp.
You closely miss the adder.
The adder is almost dead.
You feel sick. The adder bites you.
* * * LOW HITPOINT WARNING * * *
You are more poisoned.
The adder poisons you!
You take 3 damage, and have 8/26 hp.
You barely miss the adder.
The adder is almost dead.
* * * LOW HITPOINT WARNING * * *
You feel sick.
The adder is distracted by your dazzling golden aura.
You take 1 damage, and have 7/26 hp.
You closely miss the adder.
The adder is no longer distracted by gold.
The adder hisses angrily.
The adder is almost dead.
* * * LOW HITPOINT WARNING * * *
You feel sick. The adder bites you.
* * * LOW HITPOINT WARNING * * *
You are more poisoned.
The adder poisons you! The adder bites you but does no damage.
You take 3 damage, and have 4/26 hp.
You hit the adder.
You kill the adder!
* * * LOW HITPOINT WARNING * * *
You feel sick.
You take 2 damage, and have 2/26 hp.
It was a potion of might.
You feel very mighty all of a sudden.
You die...
Your body crumbles into a pile of gold.

█ █. █.. ██ .█..███ . .......
███████.█.....
..............███████████████████
█.....█........$h................
..............███████████████████
)............. ........█......██
....


██████ ................ .... █..... .█.█..█.....█... ..... █.....
............█... ..... █..... ..........█.█..█...... █..... ████████ █..█[.....
█..... There were no monsters in sight!

Vanquished Creatures
  An adder (D:2)
  3 dart slugs (D:1)
  A ribbon worm (D:2)
  4 ball pythons (D:1)
  8 bats
  4 endoplasms
  8 goblins
  A hobgoblin (D:2)
  3 quokkas
  3 frilled lizards
  2 kobolds (D:1)
  2 rats
40 creatures vanquished.

Notes
Turn   | Place    | Note
-------+----------+-------------------------------------------
     0 | D:1      | Goblin1989 the Demonspawn Shapeshifter began the quest for
                  | the Orb.
     0 | D:1      | Reached XP level 1. HP: 15/15 MP: 1/1
    78 | D:1      | Gained mutation: Your touch may inflict minor irresistible
                  | damage on your foes. [demonic ancestry]
    78 | D:1      | Reached XP level 2. HP: 20/21 MP: 2/2
   411 | D:1      | Gained mutation: Your touch may inflict irresistible damage
                  | on your foes. [demonic ancestry]
   411 | D:1      | Reached XP level 3. HP: 12/26 MP: 3/3
   752 | D:2      | Found an opulent altar of Gozag.
  1079 | D:2      | Became a worshipper of Gozag Ym Sagoz the Greedy
  1387 | D:2      | Identified the +0 dagger of the Hills {venom, Int+6}
  1520 | D:2      | Succumbed to an adder's poison

Illustrated notes

Levels and vault maps discovered:
D:1:      amcnicky_arrival_gap_in_the_tavern_cellar, layout_rooms,
          bh_walls_and_bars
D:2:      layout_basic, basic_altar

Skill      XL: |  1  2 |
---------------+-------+-----
Shapeshifting  | 3 |  3.6
Unarmed Combat | 3 |  3.2
Fighting       | |  1.0
Throwing       | |  0.6
Dodging        | |  1.7

Action                     || total
---------------------------++-------
  Melee: Unarmed           ||   123
         Touch             ||     5
         Punch             ||     2
    Use: Potion            ||     2
   Stab: Sleeping          ||     1
 Armour: Animal skin       ||    80
         Skin              ||     2
  Dodge: Dodged            ||    94
  Block: Buckler           ||     4

Table legend: (Time is in decaauts)
 A = Elapsed time spent in this place.
 B = Non-inter-level travel time spent in this place.
 C = Inter-level travel time spent in this place.
 D = Time resting spent in this place.
 E = Time spent auto-exploring this place.
 F = Levels seen in this place.
 G = Mean time per level.
                   A        B        C        D        E       F      G
               +--------+--------+--------+--------+--------+-----+--------+
         Total |   1515 |   1456 |     59 |    254 |    827 |   2 |  757.5 |
       Dungeon |   1515 |   1456 |     59 |    254 |    827 |   2 |  757.5 |
               +--------+--------+--------+--------+--------+-----+--------+

Top non-repeatable levels by time:
     D:2: 766 daAuts
     D:1: 748 daAuts
